Cogmind - Beta 13 @@@ ROGUE MODE // 2024.04.22 @ 12:28:18 Player: Powerlich_soros Result: Destroyed by S-27 Virus with Autogun Performance ------------- Evolutions (4) 2000 Regions Visited (6) 1200 Robots Destroyed (106) 530 Value Destroyed (3912) 3912 Prototype IDs (8) 160 Alien Tech Used (0) 0 Bonus (77) 77 TOTAL SCORE: 7879 Bonus ------- High Alert Combat Kills 77 Cogmind --------- Core Integrity 0/850 Matter 150/300 Energy 160/160 System Corruption 4% Temperature Cool (0) Movement Flying (30) Location -6/Lower Caves Parts ------- > --- POWER (1) -------- Light Nuclear Core > --- PROPULSION (4) --- VTOL Module VTOL Module Improved Flight Unit > --- UTILITY (8) ------ Enhanced Optical Array Transmission Jammer Improved Reaction Control System Improved Propulsion Shielding Hacking Suite Hacking Suite System Shield Improved System Shield > --- WEAPON (2) ------- Heavy Pick > --- INVENTORY (5) ---- Improved Heavy Armor Plating Heavy Reactive Plating System Shield Peak State ------------ > --- POWER ------------ Light Nuclear Core > --- PROPULSION ------- VTOL Module VTOL Module VTOL Module Improved Flight Unit > --- UTILITY ---------- Enhanced Optical Array Target Analyzer Transmission Jammer Improved Reaction Control System Improved Propulsion Shielding Hacking Suite System Shield Improved System Shield > --- WEAPON ----------- Mini Grenade Launcher Heavy Pick > --- INVENTORY -------- Improved Heavy Armor Plating Heavy Reactive Plating [Rating: 52] Favorites ----------- Power Cooled Ion Engine Engine Cooled Ion Engine Power Core Light Nuclear Core Reactor Cold Fusion Reactor Propulsion Armored Wheel Wheel Armored Wheel Flight Unit Cooled VTOL Module Utility Hacking Suite Device Subdweller Optics Storage High-capacity Storage Unit Processor Improved Targeting Computer Hackware Hacking Suite Protection Layered Light Armor Plating Weapon Gauss Cannon Energy Gun Heavy EM Shotgun Energy Cannon Light EM Pulse Cannon Ballistic Gun Assault Rifle Ballistic Cannon Gauss Cannon Launcher Mini Grenade Launcher Special Weapon Remote Datajack Impact Weapon Mace Piercing Weapon Heavy Pick Special Melee Weapon Improved Datajack Build | -11 -10 -10 -8 -7 -6 -6 ------- Run | Yrd Mat Sub Mat Fac Fac Low Slots Evolved 8 | . . . 4 2 2 . Power . | . . . . . . . Propulsion 2 | . . . . 1 1 . Utility 6 | . . . 4 1 1 . Weapon . | . . . . . . . Parts Attached 92 | 6 3 5 36 21 21 . Power 9 | 1 . 1 2 2 3 . Engine 7 | 1 . 1 2 2 1 . Core 1 | . . . . . 1 . Reactor 1 | . . . . . 1 . Propulsion 21 | 2 . 2 7 5 5 . Treads . | . . . . . . . Leg . | . . . . . . . Wheel 14 | 2 . 2 6 4 . . Hover . | . . . . . . . Flight 7 | . . . 1 1 5 . Utility 33 | 1 2 1 12 8 9 . Device 9 | . . 1 4 1 3 . Storage 3 | 1 2 . . . . . Processor 4 | . . . 1 2 1 . Hackware 6 | . . . 2 1 3 . Protection 11 | . . . 5 4 2 . Artifact . | . . . . . . . Weapon 29 | 2 1 1 15 6 4 . Energy Gun 13 | 2 1 1 8 1 . . Energy Cannon 2 | . . . 2 . . . Ballistic Gun 1 | . . . 1 . . . Ballistic Cannon 3 | . . . 2 1 . . Launcher 3 | . . . . 2 1 . Special Weapon 1 | . . . . 1 . . Impact Weapon 2 | . . . 1 1 . . Slashing Weapon . | . . . . . . . Piercing Weapon 3 | . . . . . 3 . Special Melee Weapon 1 | . . . 1 . . . Unidentified Prototypes 8 | . . . 6 1 1 . Parts Lost 43 | . 1 4 10 13 13 2 Power 4 | . . 1 . 2 1 . Propulsion 12 | . . 2 2 3 4 1 Utility 15 | . . . 3 7 5 . Weapon 12 | . 1 1 5 1 3 1 Highest Loss Streak 7 | . 1 4 5 3 7 2 To Critical Strikes . | . . . . . . . Average Slot Usage (%) 87 | . 85 93 86 91 80 86 Engine 8 | . 14 14 9 6 1 . Wheel 17 | . 28 27 16 15 8 . Flight 2 | . . . . 3 8 20 Device 5 | . . 8 11 . 3 13 Storage 8 | . 14 14 9 7 3 . Processor 7 | . . . 7 10 11 6 Hackware 10 | . . . 6 17 18 26 Protection 8 | . . . 10 12 7 6 Energy Gun 9 | . 27 28 10 . 2 . Energy Cannon 1 | . . . 3 . . . Ballistic Cannon 3 | . . . 1 8 . . Impact Weapon 1 | . . . . 3 2 . Naked Turns . | . . . . . . . Heaviest Build 94 | 14 94 51 76 70 68 13 Greatest Support 60 | 26 26 26 40 60 36 17 Greatest Overweight (x) 18 | . 3 1 6 5 18 . Average Overweight (x) 1 | . . 1 1 1 . . Largest Inventory Capacity 25 | 8 25 20 20 20 20 5 Average Capacity 17 | 6 9 20 20 20 14 5 Most Carried 20 | 2 7 17 20 20 20 5 Average Carried 14 | . 3 11 18 15 13 5 Final Capacity 20 | 8 20 20 20 20 5 5 Final Carried 19 | 2 7 16 19 11 5 5 Class Distribution -------------------- 48% | Hacker-Mutant 46% | Mutant 5% | Hacker-Sprinter Dominant Class ---------------- Mutant | -10/Materials Mutant | -10/Subcaves Mutant | -8/Materials Hacker-Mutant | -7/Factory Hacker-Mutant | -6/Factory Hacker-Sprinter | -6/Lower Caves Resources | -11 -10 -10 -8 -7 -6 -6 ----------- Run | Yrd Mat Sub Mat Fac Fac Low Matter Collected 1455 | 215 80 45 362 692 61 . Remotely . | . . . . . . . Salvage Created 4201 | . 209 79 2075 1159 653 26 Parts 204 | . 16 2 104 43 37 2 Haulers Intercepted 6 | . 1 . 5 . . . Recyclers Shooed 2 | . . . 1 1 . . Parts Field Recycled . | . . . . . . . Retrieved Matter . | . . . . . . . Parts Self-Destructed . | . . . . . . . Prevented . | . . . . . . . Kills | -11 -10 -10 -8 -7 -6 -6 ------- Run | Yrd Mat Sub Mat Fac Fac Low Combat Hostiles Destroyed 84 | . 7 2 34 25 15 1 Melee 19 | . . . 1 8 9 1 Guns 31 | . 7 2 22 . . . Cannons 12 | . . . 1 11 . . AOE 9 | . . . 3 2 4 . Classes Destroyed 14 | . 4 1 6 3 . . Worker 2 | . . . 1 1 . . Builder 1 | . . . 1 . . . Hauler 6 | . 1 . 5 . . . Recycler 1 | . . . . 1 . . Operator 4 | . . . 1 2 1 . Watcher 8 | . 2 . 4 2 . . Swarmer 18 | . 5 . 6 . 6 1 Grunt 40 | . 2 . 17 15 6 . Brawler 1 | . . . 1 . . . Duelist 2 | . . . . 2 . . Sentry 11 | . . . 8 2 1 . Hunter 5 | . . . 2 3 . . Programmer 5 | . . . . 3 2 . Subdweller 2 | . . 2 . . . . Best Kill Streak 7 | . 2 2 7 4 7 1 Combat Bots Only 7 | . 2 2 7 3 7 1 Max Kills in Single Turn 3 | . 1 1 3 2 2 1 Gunslinging . | . . . . . . . Exploded 2 | . . . 1 1 2 . Melee 1 | . . . 1 1 1 1 Uniques/NPCs Destroyed . | . . . . . . . Combat | -11 -10 -10 -8 -7 -6 -6 -------- Run | Yrd Mat Sub Mat Fac Fac Low Hostile Shots Fired 729 | . 30 15 184 313 167 20 Missed 208 | . 9 2 51 97 36 13 Damage Taken 7457 | . 246 334 2204 2816 1737 120 Core 1560 | . 34 75 171 414 840 26 Absorbed by Shields . | . . . . . . . Redirected to Shielding 129 | . . . . 69 39 21 Regen/Repaired (Parts) 180 | . . . 180 . . . Core Remaining (%) 66 | 100 . 56 68 40 . . Volleys Fired 173 | . 26 7 92 43 4 1 Largest 2 | . 2 2 2 2 1 1 Hottest 130 | . 115 130 130 96 55 30 Shots Fired 312 | . 52 14 161 80 4 1 Gun 186 | . 52 14 118 1 1 . Cannon 119 | . . . 43 76 . . Launcher 6 | . . . . 2 3 1 Special 1 | . . . . 1 . . Kinetic 86 | . . . 10 76 . . Thermal 81 | . 52 14 15 . . . Explosive 4 | . . . . . 3 1 Electromagnetic 140 | . . . 136 3 1 . Robot Hit Streak 22 | . 3 9 22 8 3 . Robot Miss Streak 5 | . 5 3 4 4 1 2 Penetration Max 1 | . . . . 1 . . Secondary Targets . | . . . . . . . Shots Hit Robots 295 | . 20 10 134 98 32 1 Core Hits 146 | . 12 5 72 38 18 1 Critical Kills 2 | . . . 1 1 . . Critical Parts Destroyed 11 | . . . 3 5 3 . Critical Strikes 29 | . 2 . 7 14 6 . Burn 5 | . 2 . 3 . . . Blast 8 | . . . . 8 . . Smash 13 | . . . 4 6 3 . Impale 3 | . . . . . 3 . Melee Attacks 134 | . . . 14 66 52 2 Impact 98 | . . . 11 66 21 . Slashing . | . . . . . . . Piercing 33 | . . . . . 31 2 Sneak Attacks 7 | . . . 3 4 . . Combat Hostiles . | . . . . . . . Follow-up Attacks . | . . . . . . . Damage Inflicted 8785 | . 313 171 3141 3790 1330 40 Guns 2289 | . 313 171 1785 . 20 . Cannons 1985 | . . . 578 1407 . . Explosions 1520 | . . . 530 664 326 . Melee 2983 | . . . 240 1719 984 40 Ramming 8 | . . . 8 . . . Kinetic 1509 | . . . 102 1407 . . Thermal 1294 | . 313 171 601 209 . . Explosive 729 | . . . 85 318 326 . Electromagnetic 2262 | . . . 2105 137 20 . Impact 2389 | . . . 240 1719 430 . Slashing . | . . . . . . . Piercing 594 | . . . . . 554 40 Highest Corruption 6 | . 1 1 . 6 4 4 Average Corruption 2 | . 1 1 . 4 3 4 Corruption Purged . | . . . . . . . Corruption Blocked . | . . . . . . . Effects 39 | . 4 3 . 27 5 . Message Errors 11 | . 3 1 . 4 3 . Matter Fused 10 | . 1 1 . 7 1 . Heat Flow Errors 3 | . . 1 . 2 . . Energy Discharges 4 | . . . . 4 . . Parts Fused 2 | . . . . 2 . . Data Loss (minor) 5 | . . . . 5 . . Data Loss (major) 2 | . . . . 1 1 . Alerts 2 | . . . . 2 . . Overload Shots . | . . . . . . . Overflow Damage 821 | . . . 129 507 185 . Projectiles 44 | . . . 10 34 . . Explosions 147 | . . . 22 123 2 . Melee 630 | . . . 97 350 183 . Knockbacks 32 | . . . 3 26 3 . Impact 17 | . . . 3 12 2 . Kinetic 12 | . . . . 12 . . Secondary 3 | . . . . 2 1 . Self-Inflicted Damage 374 | . . . 248 102 . 24 Shots 8 | . . . 5 2 . 1 Rammed 2 | . . . 2 . . . Targets Rammed 2 | . . . 2 . . . Kicked . | . . . . . . . Crushed . | . . . . . . . Highest Temperature 382 | . 256 72 369 382 22 . Average Temperature 97 | . 93 15 93 117 14 . Received Heat Transfer 2175 | . 36 60 945 705 429 . Effects 7 | . . . 4 3 . . Shutdowns 2 | . . . 1 1 . . Interference 3 | . . . 2 1 . . Matter Decay 1 | . . . . 1 . . Short Circuit 1 | . . . 1 . . . Siege Activations . | . . . . . . . Robots Corrupted 5 | . . . 5 . . . Combat Hostiles 5 | . . . 5 . . . Parts Fried 24 | . . . 15 6 3 . Impact Corruptions 32 | . . . 6 23 3 . Robots Melted . | . . . . . . . Combat Hostiles . | . . . . . . . Parts Melted 7 | . 3 3 1 . . . Heat Transferred 2772 | . 1036 444 1142 150 . . Parts Sabotaged . | . . . . . . . Parts Stolen . | . . . . . . . Parts Stripped . | . . . . . . . Power Chain Reactions 8 | . . . 7 1 . . Alert | -11 -10 -10 -8 -7 -6 -6 ------- Run | Yrd Mat Sub Mat Fac Fac Low Peak Influence 536 | . 204 . 536 278 339 . Initial 127 | . . . . 81 127 . Average 162 | . 38 . 230 134 166 . Maximum Alert Level 2 | . 1 . 2 1 1 . Low Security (%) 71 | 100 98 . 56 76 70 . Level 1 21 | . 1 . 24 23 29 . Level 2 7 | . . . 18 . . . Level 3 . | . . . . . . . Level 4 . | . . . . . . . Level 5 . | . . . . . . . High Security . | . . . . . . . Max Security . | . . . . . . . Squads Dispatched 27 | . 1 . 6 14 6 . Investigation 11 | . 1 . 5 5 . . Extermination 5 | . . . . 3 2 . Reinforcement 5 | . . . 1 3 1 . Assault . | . . . . . . . Garrison 6 | . . . . 3 3 . Intercept . | . . . . . . . Searches Triggered . | . . . . . . . Construction Impeded 1 | . . . . 1 . . Haulers Reinforced 1 | . . . . 1 . . Active Scanning Responses . | . . . . . . . Cargo Convoy Interrupts . | . . . . . . . Stealth | -11 -10 -10 -8 -7 -6 -6 --------- Run | Yrd Mat Sub Mat Fac Fac Low Distress Signals 9 | . 1 . 5 2 1 . Communications Jammed . | . . . . . . . Distress Signals . | . . . . . . . Times Spotted 144 | . 15 10 51 43 21 4 Peak Tracking Total 8 | . 4 5 8 5 5 4 Tactical Retreats 9 | . 1 . 3 4 1 . Traps | -11 -10 -10 -8 -7 -6 -6 ------- Run | Yrd Mat Sub Mat Fac Fac Low Traps Triggered 2 | . 1 . 1 . . . Indirectly . | . . . . . . . Trap Hack Attempts . | . . . . . . . Triggered . | . . . . . . . Disarmed . | . . . . . . . Reprogrammed . | . . . . . . . Reused . | . . . . . . . Traps Extracted . | . . . . . . . Installed . | . . . . . . . Triggered . | . . . . . . . Machines | -11 -10 -10 -8 -7 -6 -6 ---------- Run | Yrd Mat Sub Mat Fac Fac Low Machines Disabled 11 | . . . 2 9 . . Max in Single Turn 1 | . . . 1 1 . . Machines Repaired . | . . . . . . . Machines Dismantled . | . . . . . . . Machines Sabotaged . | . . . . . . . Overloaded Fab Kills . | . . . . . . . Hacking | -11 -10 -10 -8 -7 -6 -6 --------- Run | Yrd Mat Sub Mat Fac Fac Low Machines Accessed 36 | . 9 . 13 10 4 . Terminals 26 | . 7 . 8 9 2 . Fabricators 1 | . . . . 1 . . Repair Stations 2 | . . . 2 . . . Recycling Units 6 | . 2 . 2 . 2 . Scanalyzers 1 | . . . 1 . . . Garrison Access . | . . . . . . . Total Hacks 99 | . 21 . 40 29 9 . Successful 59 | . 12 . 26 16 5 . Failed 40 | . 9 . 14 13 4 . Catastrophic 5 | . 2 . 2 1 . . Database Lockouts . | . . . . . . . Manual 55 | . 15 . 22 17 1 . Terminals 74 | . 18 . 25 27 4 . Fabricators 2 | . . . . 2 . . Repair Stations 5 | . . . 5 . . . Recycling Units 12 | . 3 . 4 . 5 . Scanalyzers 6 | . . . 6 . . . Garrison Access . | . . . . . . . Terminal Hacks 24 | . 5 . 7 10 2 . Part Schematic 1 | . . . . 1 . . Level Access Points 1 | . . . . 1 . . Terminal Index 3 | . 1 . 1 1 . . Scanalyzer Index 1 | . 1 . . . . . Alert Level 8 | . 1 . 2 3 2 . Unreport Threat 7 | . 1 . 3 3 . . Dispatch Records 1 | . . . . 1 . . Maintenance Status 1 | . . . 1 . . . Hauler Manifests 1 | . 1 . . . . . Fabricator Hacks 2 | . . . . 2 . . Load Schematic 1 | . . . . 1 . . Build 1 | . . . . 1 . . Repair Station Hacks 4 | . . . 4 . . . Scan Component 2 | . . . 2 . . . Repair 2 | . . . 2 . . . Recycling Unit Hacks 7 | . 2 . 2 . 3 . Report Inventory 6 | . 2 . 2 . 2 . Retrieve Components 1 | . . . . . 1 . Scanalyzer 6 | . . . 6 . . . Insert Component 4 | . . . 4 . . . Analyze 2 | . . . 2 . . . Garrison Access Hacks . | . . . . . . . Unauthorized Hacks 16 | . 5 . 7 4 . . Terminals 13 | . 5 . 4 4 . . Track 1 | . . . . 1 . . Assimilate 2 | . 1 . . 1 . . Botnet 7 | . 3 . 3 1 . . Operators 3 | . 1 . 1 1 . . Fabricators . | . . . . . . . Repair Stations 1 | . . . 1 . . . Mechanics 1 | . . . 1 . . . Recycling Units 2 | . . . 2 . . . Recyclers 2 | . . . 2 . . . Scanalyzers . | . . . . . . . Garrison Access . | . . . . . . . Data Cores Recovered 1 | . . . . . 1 . Used 1 | . . . . . 1 . Hacking Detections 29 | . 5 . 12 10 2 . Full Trace Events 11 | . . . 6 5 . . Feedback Events 1 | . . . . 1 . . Corruption 1 | . . . . 1 . . Feedback Blocked . | . . . . . . . Robot Schematics Acquired . | . . . . . . . Robots Built . | . . . . . . . Authchips . | . . . . . . . Time . | . . . . . . . Total Robot Build Rating . | . . . . . . . Part Schematics Acquired 3 | . . . 2 1 . . Parts Built 1 | . . . . 1 . . Authchips . | . . . . . . . Time 73 | . . . . 73 . . Total Part Build Rating 3 | . . . . 3 . . Parts Repaired 2 | . . . 2 . . . Time 104 | . . . 104 . . . Parts Recycled . | . . . . . . . Recycled Matter . | . . . . . . . Retrieved Matter . | . . . . . . . Retrieved Components 3 | . . . . . 3 . Parts Scanalyzed 2 | . . . 2 . . . Part Schematics Acquired 2 | . . . 2 . . . Parts Damaged . | . . . . . . . Bothacking | -11 -10 -10 -8 -7 -6 -6 ------------ Run | Yrd Mat Sub Mat Fac Fac Low Used RIF Installer . | . . . . . . . Robots Hacked 2 | . . . 1 1 . . Non-combat 2 | . . . 1 1 . . Combat . | . . . . . . . Robot Hacks Applied 2 | . . . 1 1 . . parse_system 2 | . . . 1 1 . . Relay Couplers Released . | . . . . . . . Fabnet Peak Effective % . | . . . . . . . Robots Rewired . | . . . . . . . Allies Hacked . | . . . . . . . Hacks Repelled . | . . . . . . . Allies | -11 -10 -10 -8 -7 -6 -6 -------- Run | Yrd Mat Sub Mat Fac Fac Low Total Allies 1 | . 1 . . . . . Largest Group 1 | . 1 1 . . . . Highest-Rated Group 10 | . 10 10 . . . . Highest-Rated Ally 10 | . 10 10 . . . . Total Orders . | . . . . . . . Ally Attacks . | . . . . . . . Total Damage . | . . . . . . . Kills . | . . . . . . . Allies Corrupted . | . . . . . . . Allies Melted . | . . . . . . . Intel | -11 -10 -10 -8 -7 -6 -6 ------- Run | Yrd Mat Sub Mat Fac Fac Low Robot Analysis Total . | . . . . . . . Derelict Logs Recovered . | . . . . . . . Drone Launches . | . . . . . . . Drone Recoveries . | . . . . . . . Exploration | -11 -10 -10 -8 -7 -6 -6 ------------- Run | Yrd Mat Sub Mat Fac Fac Low Turns Passed 5922 | 67 791 253 2288 1734 776 13 Spaces Moved 4098 | 63 741 200 1366 1063 653 12 Core 28 | 6 . . 1 . 21 . Treads . | . . . . . . . Legs . | . . . . . . . Wheels 3667 | 57 741 200 1365 1063 241 . Hover . | . . . . . . . Flight 403 | . . . . . 391 12 Fastest Speed 27 | 50 90 105 105 105 27 27 Average Speed 104 | 89 92 105 117 118 69 29 Slowest Speed 950 | 100 135 105 350 165 950 30 Overloaded Moves . | . . . . . . . Propulsion Burnouts . | . . . . . . . Robots Hopped . | . . . . . . . Cave-ins Triggered . | . . . . . . . Exploration Rate (%) 31 | 3 84 11 75 28 11 7 Regions Visited 6 Branch Regions 2 Pre-discovered Areas 1 | . . 1 . . . . Known Exits Taken 1 | . . . . 1 . . Unknown Exits Taken 5 | 1 1 1 1 . 1 . Scrap Searched . | . . . . . . . Spaces Dug 14 | . . . . 5 9 . Terrain Destroyed 178 | . . . 46 86 40 6 Melee 14 | . . . . 5 9 . Projectile 16 | . . . . 16 . . AOE 148 | . . . 46 65 31 6 Terrain Rammed . | . . . . . . . Walls Destroyed . | . . . . . . . Machines Disabled . | . . . . . . . Actions | -11 -10 -10 -8 -7 -6 -6 --------- Run | Yrd Mat Sub Mat Fac Fac Low Total 5195 | 70 798 229 1879 1337 864 18 Wait 583 | . 20 . 308 132 120 3 Move 4092 | 62 740 199 1365 1062 652 12 Hop . | . . . . . . . Pick Up 64 | 2 6 12 28 7 9 . Fast Attach 44 | 6 1 1 17 4 15 . Attach 45 | . 2 4 18 15 6 . Detach 17 | . 2 . 9 3 3 . Swap 4 | . . . 2 2 . . Drop 29 | . 1 1 21 3 3 . Fire 173 | . 26 7 92 43 4 1 Melee 134 | . . . 14 66 52 2 Ram 2 | . . . 2 . . . Kick . | . . . . . . . Crush . | . . . . . . . Escape Stasis . | . . . . . . . Rewire 5 | . . 5 . . . . Trap . | . . . . . . . Miscellaneous 3 | . . . 3 . . . Route ------- -11/Scrapyard -10/Materials (discovered 4 exits: [*Mat x2] / [*Min] / [*Sub]) -10/Subcaves -8/Materials (discovered 2 exits: *Fac x2) -7/Factory (discovered 4 exits: *Fac x4) -6/Factory -6/Lower Caves History --------- Turn | Location | Event 35 | -11/Scrapyard | Discovered new exit (range 16) 68 | -11/Scrapyard | Entered Materials 165 | -10/Materials | Discovered new exit (range 11) 219 | -10/Materials | Discovered new exit (range 15) 302 | -10/Materials | Build established: Mutant 499 | -10/Materials | Discovered new exit (range 13) 857 | -10/Materials | Discovered new exit (range 2) 859 | -10/Materials | Entered Subcaves 859 | -10/Subcaves | Accompanied by 1 ally 928 | -10/Subcaves | Ambushed by swarm of Subdwellers 945 | -10/Subcaves | Ambushed by Subdwellers from Twisted Machinery 975 | -10/Subcaves | Lost 4 parts (1p2n1w) 1082 | -10/Subcaves | Learned location of Zion (-7) 1082 | -10/Subcaves | Met a Zionite searching for "candidates" 1084 | -10/Subcaves | Discovered new exit (range 16) 1112 | -10/Subcaves | Entered Materials 1112 | -8/Materials | Evolved 4 slots: Utility x4 2019 | -8/Materials | Discovered new exit (range 17) 2948 | -8/Materials | Repaired Hvy. EM Shotgun 2994 | -8/Materials | Repaired Lyr. Light Armor Plating 3048 | -8/Materials | Lost 5 parts (2n1u2w) 3061 | -8/Materials | Build established: Hacker-Mutant 3073 | -8/Materials | Destroyed 7 combat bots 3215 | -8/Materials | Discovered new exit (range 4) 3400 | -8/Materials | Entered Factory 3400 | -7/Factory | Evolved 2 slots: Propulsion x1, Utility x1 3645 | -7/Factory | Fabricated Hacking Suite (x1) 4086 | -7/Factory | Identified exit to Factory 4101 | -7/Factory | Garrison activated, responded to threat 4546 | -7/Factory | Lost 3 parts (1p2u) 4686 | -7/Factory | Lost 3 parts (1n1u1w) 4856 | -7/Factory | Core integrity fell below 50% 5134 | -7/Factory | Entered another Factory area 5134 | -6/Factory | Evolved 2 slots: Propulsion x1, Utility x1 5200 | -6/Factory | Found Hvy. Reactive Plating 5466 | -6/Factory | Garrison activated, responded to threat 5556 | -6/Factory | Lost 7 parts (3n2u2w) 5557 | -6/Factory | Destroyed 7 combat bots 5568 | -6/Factory | Core integrity fell below 50% 5614 | -6/Factory | Lost 5 parts (1p1n2u1w) 5637 | -6/Factory | Core integrity fell below 20% 5906 | -6/Factory | Discovered new exit (range 6) 5910 | -6/Factory | Entered Lower Caves 5923 | -6/Lower Caves | Destroyed by S-27 Virus with Autogun Last Messages --------------- Flexi-carbon Leg (40%) Prototype Ballistic Cannon (38%) Remote Datajack (87%) Mic. Nuclear Core (96%) Gravmag System (84%) Corrupted Carbon-fiber Leg (95%) Gravmag System (68%) Carbon-fiber Leg (48%) 05866_ K-01 Serf cleans the Terminal. 05866_ K-01 Serf collects debris. 05867_ U-05 Engineer lays Concrete. 05870_ K-01 Serf collects debris. 05883_ K-01 Serf cleans the Manufacturing Mainframe. 05894_ K-01 Serf collects debris. 05906_ EXIT=FOUND LOCATION=UNKNOWN GOAL=ESCAPE 05911_ Mni. Grenade Launcher destroyed. 05913_ VTOL Module destroyed. 05922_ S-27 Virus destroyed. Map ----- +----------------------------------------------------+ | ?????????????????????????????????????????????????? | | ?????????????????????????????????????????????????? | | ?????????????????????????????????????????????????? | | ????????????????????????????????????? ?????????? | | ????????????????????????????????????? ?????????? | | ???????????????????????????????????? ?????????? | | ??????????????????????##???????????? ??????????? | | ?????????????????##??## ???????????? ??????????? | | ????????????????## ### ??????????# ???????????? | | ????????????????# ?????????# ???????????? | | ??????????????#??? ?????### #???????????? | | ?????????????? ??? ????? #???????????? | | ?????????????? #?? ????? ##??????????? | | ?????????????? ?? ???? #??????????? | | ????????????? ?? ????# #??????????? | | ????????????? ??# ##### ##?????????? | | ????????????? ## ??????????? | | ???????????????# ???????????? | | ???????????????? ????????????? | | ???????????????????? ####??????????? | | ???????????????????????# #??????????? | | ????????????????????????# ##??????????? | | ???????????????????????????# ##?????????? | | ???????????????????????????## ## ##?????? | | ????????????????????????##### #?????? | | ???????????????????????##@s #?????? | | ???????????????????????# *% s #?????? | | ???????????????????????# s[ #?????? | | ???????????????????????# ## ## ## #?????? | | ???????????????????????######## ##? ##?????? | | ??????????????????????????????# #???#####??????? | | ??????????????????????????????## ??????????????? | | ???????????????????????????????# ?????????????? | | ???????????????????????????????## ????????????? | | ????????????????????????????????? ???????????? | | ????????????????????????????????? #??????????? | | ????????????????????????????????? ##??????????? | | ????????????????????????????????? ## #???????????? | | ?????????????????????????????????##?##???????????? | | ?????????????????????????????????????????????????? | | ?????????????????????????????????????????????????? | | ?????????????????????????????????????????????????? | | ?????????????????????????????????????????????????? | | ?????????????????????????????????????????????????? | | ?????????????????????????????????????????????????? | | ?????????????????????????????????????????????????? | | ?????????????????????????????????????????????????? | | ?????????????????????????????????????????????????? | | ?????????????????????????????????????????????????? | | ?????????????????????????????????????????????????? | +----------------------------------------------------+ Best States ------------- Heat Dissipation 37 Energy Generation 18 Energy Capacity 280 Matter Stores 300 Matter Capacity 300 Sight Range 22 Terrain Scan Density 10 Jamming Range 12 Additional Mass Support 6 Armor Coverage 800 Propulsion Shielding 66 Utility Shielding 66 Evasion (%) 74 Targeting Accuracy 6 Melee Accuracy 5 Target Analysis 5 Force Boost 20 Offensive Hacking 30 Defensive Hacking 22 Item Schematics ----------------- Hacking Suite | -8/Materials | Scanalyzed Imp. Flight Unit | -8/Materials | Scanalyzed Transmission Jammer | -7/Factory | Hacked Robot Schematics ------------------ None Fabricated ------------ Hacking Suite | x1 | -7/Factory Alien Tech Used ----------------- None Achievements -------------- Batter Up Troublemaker Challenges ------------ None Game ------ Seed DerelictCoreTerrabomb Manual? 0 Play Time 01:17:15 Cumulative 23.2 hours Start 2024.04.22 @ 11:08:44 End 2024.04.22 @ 12:28:18 Sessions 1 Manual Loads 0 Difficulty Rogue Special Mode None Game No. 21 Rogue 21 Adventurer 0 Explorer 0 Win Type - Total 0 Types 0/0/0/0/0/0/0/0/0 Lore% 13 Gallery% 21 Achievement% 19 Wizard Run 0 Options --------- Layout 0 ASCII 1 Keyboard 1 Movement Vi Keybinds 0 Fullscreen 1 Font 20/SmallcapsGlow Map View 66x50 Zoom Use 0% Tactical HUD 1 Map Filters NONE Filters NONE Steam 1 RUN: 43672160-3f9e-4f69-94eb-61a6dd192c10